[Event "Titled Tuesday Blitz December 27 Early 2022"]
[White "Ronka, Erik"]
[Black "Tanenbaum, Zachary"]
[WhiteFideId "505080"]
[BlackFideId "2060850"]
[WhiteElo "2276"]
[BlackElo "2261"]
[Result "1/2-1/2"]
[Round "10"]
[TimeControl "180+2"]
[Date "2022.12.27"]
[WhiteClock "0:00:17"]
[BlackClock "0:00:04"]

1. d4 d5 2. Nf3 Nf6 3. g3 Bf5 4. Bg2 c6 5. c4 e6 6. Qb3 Qb6 7. c5 Qc7 8. Bf4 Qc8 9. Nc3 Nbd7 10. Nd2 Be7 11. e4 dxe4 12. Bxe4 Nxe4 13. Ndxe4 O-O 14. Bd6 Bxd6 15. Nxd6 Qc7 16. O-O Bh3 17. Rfe1 b6 18. Qc4 Rab8 19. b4 Nf6 20. f3 Nd5 21. Nxd5 exd5 22. Qc3 Be6 23. a3 Qd7 24. Rac1 b5 25. a4 bxa4 26. Ra1 a5 27. Rxa4 axb4 28. Rxb4 Rxb4 29. Qxb4 Qe7 30. Qb6 Qf6 31. Qxc6 Qxd4+ 32. Kf1 Bh3+ 33. Ke2 Qb2+ 34. Kd1 Qb1+ 35. Kd2 Qb4+ 36. Kd1 Qd4+ 37. Kc1 Qc3+ 38. Kd1 Qxf3+ 39. Kd2 Qf2+ 40. Re2 Qd4+ 41. Ke1 Bg4 42. Re8 Qd1+ 43. Kf2 Qd2+ 44. Kg1 Qd1+ 45. Kf2 Qc2+ 46. Ke1 Qd1+ 47. Kf2 1/2-1/2


[Site "https://www.chess.com"]

[Event "Titled Tuesday Blitz December 27 Early 2022"]
[White "Roque Sola, Gisela"]
[Black "Aghamaliyev, Cemil"]
[WhiteFideId "5120241"]
[BlackFideId "13400215"]
[WhiteElo "2061"]
[BlackElo "2482"]
[Result "0-1"]
[Round "10"]
[TimeControl "180+2"]
[Date "2022.12.27"]
[WhiteClock "0:00:06"]
[BlackClock "0:00:28"]

1. e4 e5 2. Nf3 d6 3. d4 Qe7 4. Bd3 Nf6 5. O-O Bg4 6. dxe5 dxe5 7. h3 Bh5 8. Nbd2 Nc6 9. c3 O-O-O 10. Qc2 g5 11. Bb5 g4 12. hxg4 Bxg4 13. Bxc6 bxc6 14. Nh2 Rg8 15. Qa4 Bh3 16. g3 Qc5 17. Kh1 Ng4 18. Nxg4 Bxg4 19. Nb3 Bf3+ 20. Kh2 Qb5 21. Qxb5 cxb5 22. Nd2 Bh5 23. f3 Rd3 24. g4 Bg6 25. Nb3 h5 26. g5 c5 27. a4 b4 28. Na5 Kc7 29. Nc4 Bg7 30. cxb4 h4 31. Be3 Bh5 32. Rac1 Kd7 33. Rfd1 Rxd1 34. Rxd1+ Kc7 35. Bxc5 Bxf3 36. Re1 Bg4 37. Bd6+ Kb7 38. Bxe5 Bf8 39. Bf6 Bxb4 40. Rg1 Be6 41. Ne5 Rc8 42. Rg2 Be1 43. Nd3 Bg3+ 44. Rxg3 hxg3+ 45. Kxg3 Rc4 46. Kf4 Kc8 47. Ke5 Kd7 48. b3 Rc3 49. Kd4 Rc2 50. Nc5+ Kd6 51. e5+ Kc6 52. g6 Rd2+ 53. Kc3 Rg2 54. Nxe6 fxe6 55. g7 a5 56. Kd4 Rg4+ 57. Kc3 Kc5 58. Kd3 Kd5 59. Ke3 Kc6 60. Kf3 Rg6 61. Kf4 Kd7 62. Ke4 Ke8 63. Kd4 Rg3 64. Kc5 Kf7 65. b4 Rc3+ 66. Kb5 axb4 67. Kxb4 Rc8 68. a5 Rb8+ 69. Kc5 Rc8+ 70. Kb6 Rb8+ 71. Kc6 Rb1 72. a6 Rc1+ 73. Kb7 Rb1+ 74. Ka8 Rb2 75. a7 Rb1 76. Bd8 Kxg7 77. Bc7 Kf7 78. Bd6 Ke8 79. Bc7 Kd7 80. Bd6 Kc6 81. Bc7 Rb3 82. Bd6 Rh3 83. Bb8 Rh7 84. Bd6 Rb7 85. Bb8 Rb5 86. Bd6 Kd7 87. Bb8 Kc8 88. Bd6 Rb7 89. Bb8 Rd7 90. Bd6 Rd8 91. Bb8 Re8 92. Bd6 Rg8 93. Bb8 Rg2 94. Bd6 Rb2 95. Bb8 Kd7 96. Bd6 Kc6 97. Bb8 Kb6 98. Bd6 Ka6 99. Bb8 Rb7 100. Bd6 Rxa7+ 101. Kb8 Rh7 102. Kc8 Kb6 103. Kd8 Kc6 104. Ke8 Kd5 105. Kd8 Rh5 106. Ke7 Rxe5 107. Bxe5 Kxe5 108. Kd7 Kd5 109. Ke7 e5 0-1


[Site "https://www.chess.com"]

[Event "Titled Tuesday Blitz December 27 Early 2022"]
[White "Roque Sola, Jose Luis"]
[Black "White, John S."]
[WhiteFideId "5120390"]
[BlackFideId "2502348"]
[WhiteElo "2217"]
[BlackElo "2235"]
[Result "1-0"]
[Round "10"]
[TimeControl "180+2"]
[Date "2022.12.27"]
[WhiteClock "0:00:11"]
[BlackClock "0:00:03"]

1. c4 e6 2. Nf3 d5 3. b3 Nf6 4. Bb2 c5 5. e3 Nc6 6. cxd5 exd5 7. d4 Be6 8. dxc5 Bxc5 9. Be2 O-O 10. O-O Rc8 11. Nc3 a6 12. a3 d4 13. Na4 Ba7 14. exd4 b5 15. Nc5 Bxc5 16. dxc5 Na5 17. b4 Nc4 18. Qxd8 Rfxd8 19. Bxf6 gxf6 20. Bxc4 Bxc4 21. Rfd1 Be2 22. Rxd8+ Rxd8 23. Nh4 Rd3 24. f3 Rb3 25. Kf2 Bc4 26. Nf5 Be6 27. Ne7+ Kf8 28. Nc6 Rd3 29. Nb8 Bc8 30. Ke2 Rb3 31. Ra2 Ke8 32. Nc6 Bd7 33. Nd4 Rc3 34. Kd2 Rc4 35. Ke3 Ke7 36. Rd2 Rc3+ 37. Rd3 Rc1 38. Kf4 Rc4 39. Kg3 Rc1 40. Re3+ Kf8 41. Ne2 Rc4 42. Nf4 Rc2 43. Nd5 Kg7 44. Re7 Be6 45. Nc7 Rc3 46. Nxe6+ Kg6 47. Nf4+ Kf5 48. Rxf7 Rxa3 49. Nd5 Rd3 50. Nc7 a5 51. bxa5 Kg6 52. Re7 f5 53. Re2 Ra3 54. Rc2 Rxa5 55. c6 b4 56. Ne6 Kf6 57. c7 Ra8 58. c8=Q Rxc8 59. Rxc8 Kxe6 60. Rb8 Kd5 61. Rxb4 Kc5 62. Rb7 Kd6 63. Rxh7 Ke6 64. Rh5 Ke5 65. Rxf5+ Kxf5 66. h4 Kg6 67. Kg4 Kh6 68. h5 Kg7 69. Kg5 Kh7 70. h6 Kg8 71. f4 Kh7 72. f5 Kg8 73. Kg6 Kh8 74. f6 Kg8 75. g4 Kh8 76. Kf7 Kh7 77. Ke8 Kxh6 78. f7 Kg5 79. f8=Q Kxg4 80. Qf6 Kg3 81. Qf5 Kg2 82. Qf4 Kh3 83. Qg5 Kh2 84. Ke7 Kh3 85. Ke6 Kh2 86. Kf5 1-0


[Site "https://www.chess.com"]

[Event "Titled Tuesday Blitz December 27 Early 2022"]
[White "Royal, Shreyas"]
[Black "Begunov, Konstantin"]
[WhiteFideId "448869"]
[BlackFideId "4118510"]
[WhiteElo "2438"]
[BlackElo "2325"]
[Result "0-1"]
[Round "10"]
[TimeControl "180+2"]
[Date "2022.12.27"]
[WhiteClock "0:01:46"]
[BlackClock "0:00:16"]

1. e4 c5 2. Nf3 d6 3. d4 cxd4 4. Nxd4 Nf6 5. Nc3 a6 6. Be2 e5 7. Nb3 Be7 8. O-O O-O 9. Be3 Be6 10. f3 b5 11. Qd2 Nbd7 12. Rfd1 Nb6 13. Qe1 d5 14. exd5 Nbxd5 15. Nxd5 Nxd5 16. c4 Nxe3 17. Rxd8 Rfxd8 18. cxb5 Nc2 19. Qc1 Nxa1 20. Qxa1 axb5 21. Qb1 Bc4 22. Qc2 Rxa2 23. Bxc4 bxc4 24. Qxc4 Rd1+ 25. Kf2 Rxb2+ 26. Kg3 Rg1 27. f4 Rgxg2+ 28. Kf3 Rgf2+ 29. Ke3 Rxf4 30. Qc8+ Bf8 31. Nc5 Rc2 32. Kd3 Rxc5 33. Qd8 Rd4+ 0-1


[Site "https://www.chess.com"]

[Event "Titled Tuesday Blitz December 27 Early 2022"]
[White "Rustemov, Alexander"]
[Black "Guliev, Logman"]
[WhiteFideId "4119002"]
[BlackFideId "13400061"]
[WhiteElo "2525"]
[BlackElo "2250"]
[Result "1-0"]
[Round "10"]
[TimeControl "180+2"]
[Date "2022.12.27"]
[WhiteClock "0:00:13"]
[BlackClock "0:00:03"]

1. d4 Nf6 2. c4 e6 3. Nf3 Bb4+ 4. Bd2 c5 5. Bxb4 cxb4 6. g3 b6 7. Bg2 Bb7 8. O-O O-O 9. Qd3 d6 10. a3 bxa3 11. Rxa3 Nc6 12. Nc3 e5 13. dxe5 dxe5 14. Nxe5 Nxe5 15. Qxd8 Raxd8 16. Bxb7 Nxc4 17. Rxa7 Rd7 18. Rfa1 Na5 19. R7xa5 bxa5 20. Bf3 Ra7 21. b4 a4 22. b5 a3 23. b6 Ra5 24. b7 Nd7 25. Nb1 a2 26. Nc3 Ra3 27. Nb5 Rb3 28. Rxa2 Rxb5 29. Ra8 Nb8 30. Kf1 Rd8 31. h4 Kf8 32. Kg2 Ke7 33. Ra3 g6 34. Re3+ Kf6 35. Rc3 Rb4 36. g4 h6 37. Rc7 Rbd4 38. Kg3 g5 39. h5 Ke6 40. e3 R4d6 41. Be4 Kf6 42. f4 Re6 43. Kf3 Rde8 44. Rc4 Nd7 45. Rb4 Rb6 46. Rc4 Rb3 47. Rc8 Ke7 48. Bc6 Rd3 49. Ke2 Rd6 50. Rxe8+ Kxe8 51. b8=Q+ Ke7 52. Qc7 1-0


[Site "https://www.chess.com"]

[Event "Titled Tuesday Blitz December 27 Early 2022"]
[White "Sai Krishna G V"]
[Black "Bochnicka, Vladimir"]
[WhiteFideId "5028280"]
[BlackFideId "14943450"]
[WhiteElo "2384"]
[BlackElo "2327"]
[Result "0-1"]
[Round "10"]
[TimeControl "180+2"]
[Date "2022.12.27"]
[WhiteClock "0:01:03"]
[BlackClock "0:00:06"]

1. d4 Nf6 2. Nf3 g6 3. Bg5 Bg7 4. Nc3 O-O 5. Qd2 d5 6. Bh6 Bf5 7. h4 c5 8. h5 Ne4 9. Nxe4 dxe4 10. Bxg7 Kxg7 11. hxg6 Bxg6 12. Qh6+ Kg8 13. Ne5 Qb6 14. O-O-O cxd4 15. e3 Qe6 16. exd4 Nc6 17. Bc4 Qf5 18. g4 Qf6 19. Nd7 Qxf2 20. Nxf8 Rxf8 21. Rh2 Qf6 22. g5 Qf4+ 23. Kb1 e3 24. Rh4 Qf2 25. Rh2 Qf4 26. Rdh1 Qxd4 27. Rh4 Qe5 28. Bd3 e2 29. Re1 Qg3 30. Rhh1 Bxd3 31. cxd3 Qxd3+ 32. Ka1 Nb4 33. Rxe2 Rd8 34. a3 Qd1+ 35. Rxd1 Rxd1# 0-1


[Site "https://www.chess.com"]

[Event "Titled Tuesday Blitz December 27 Early 2022"]
[White "Samsonkin, Artiom"]
[Black "Csonka, Balazs"]
[WhiteFideId "13503111"]
[BlackFideId "742910"]
[WhiteElo "2420"]
[BlackElo "2496"]
[Result "1-0"]
[Round "10"]
[TimeControl "180+2"]
[Date "2022.12.27"]
[WhiteClock "0:01:08"]
[BlackClock "0:00:01"]

1. e4 c5 2. Nf3 Nc6 3. Bb5 e6 4. O-O Nge7 5. Nc3 Nd4 6. Nxd4 cxd4 7. Ne2 a6 8. Ba4 b5 9. Bb3 Nc6 10. d3 Bc5 11. f4 Bb7 12. Bd2 Qc7 13. Qe1 O-O-O 14. a4 b4 15. f5 a5 16. Kh1 Ne5 17. Bf4 exf5 18. Bxe5 Qxe5 19. Rxf5 Qc7 20. Qg3 Qxg3 21. Nxg3 d5 22. exd5 f6 23. Ne4 Bb6 24. Raf1 Rd7 25. g4 h6 26. h4 Rhd8 27. g5 fxg5 28. hxg5 Bxd5 29. g6 Bxe4+ 30. dxe4 Kb8 31. Bd5 Rc8 32. Be6 d3 33. Bxd7 Rxc2 34. Rf8+ Kc7 35. R8f7 1-0


[Site "https://www.chess.com"]

[Event "Titled Tuesday Blitz December 27 Early 2022"]
[White "Shipov, Sergei"]
[Black "Cnejev, Vladimir-Alexandru"]
[WhiteFideId "4113624"]
[BlackFideId "1260898"]
[WhiteElo "2541"]
[BlackElo "2374"]
[Result "1/2-1/2"]
[Round "10"]
[TimeControl "180+2"]
[Date "2022.12.27"]
[WhiteClock "0:00:12"]
[BlackClock "0:00:02"]

1. d4 d5 2. c4 e6 3. Nc3 Nf6 4. cxd5 exd5 5. Bg5 c6 6. Qc2 h6 7. Bh4 Be7 8. e3 Nbd7 9. Bd3 O-O 10. Nge2 Re8 11. O-O a5 12. f3 b5 13. h3 Nb6 14. e4 dxe4 15. fxe4 b4 16. Nd1 Bb7 17. Bxf6 Bxf6 18. e5 Bg5 19. Kh1 Rc8 20. Bh7+ Kf8 21. Nf2 c5 22. Ng4 cxd4 23. Rxf7+ Kxf7 24. Qg6+ Ke7 25. Qxg7+ Ke6 26. Qxb7 Re7 27. Qe4 Rxh7 28. Qxh7 d3 29. Ng3 d2 30. Rd1 Rc1 31. Qf5+ Ke7 32. Nf2 Rxd1+ 33. Nxd1 Qd4 34. Ne4 Nc4 35. Nxg5 hxg5 36. Qxg5+ Kd7 37. Qg4+ Qxg4 38. hxg4 Nxe5 39. Kg1 Nxg4 40. Kf1 Ke6 41. Ke2 Kd5 42. Kxd2 Ke4 43. Ke2 Ne5 44. Nf2+ Kd4 45. Kd2 Nc4+ 46. Kc2 Ne3+ 47. Kb3 Nxg2 48. Ka4 Ne3 49. Kxa5 Nd1 50. b3 Nc3 51. Kxb4 Nxa2+ 52. Ka3 Nc3 53. Kb4 Nd5+ 54. Kb5 Nc3+ 55. Ka5 Nd5 56. Nd1 Kd3 57. Kb5 Kc2 58. Kc5 Kxb3 1/2-1/2


[Site "https://www.chess.com"]

[Event "Titled Tuesday Blitz December 27 Early 2022"]
[White "Shubenkova, Veronika"]
[Black "Abdilkhair, Abilmansur"]
[WhiteFideId "44124040"]
[BlackFideId "13716417"]
[WhiteElo "1960"]
[BlackElo "2268"]
[Result "1-0"]
[Round "10"]
[TimeControl "180+2"]
[Date "2022.12.27"]
[WhiteClock "0:00:30"]
[BlackClock "0:00:25"]

1. e4 c5 2. Nc3 Nc6 3. g3 g6 4. Bg2 Bg7 5. f4 d6 6. Nf3 e6 7. d3 Nge7 8. Be3 O-O 9. Rb1 Rb8 10. Ne2 b5 11. O-O b4 12. g4 f5 13. gxf5 exf5 14. Ng3 Qa5 15. Qd2 Rd8 16. exf5 Nxf5 17. Nxf5 Bxf5 18. Nh4 Ne7 19. Nxf5 Nxf5 20. Bd5+ Kh8 21. Bf2 Qc7 22. Rfe1 Rf8 23. Bg3 g5 24. fxg5 Nxg3 25. hxg3 Bd4+ 26. Kh1 Rf2 27. Re2 Rbf8 28. Rbe1 Qd7 29. Rxf2 Qh3+ 30. Kg1 Rxf2 31. Qxf2 Qxg3+ 32. Kh1 Qxf2 33. Re8+ Kg7 34. Rg8# 1-0


[Site "https://www.chess.com"]

[Event "Titled Tuesday Blitz December 27 Early 2022"]
[White "Slaby, Jerzy"]
[Black "Cella, Glaucio Dalla Cortt"]
[WhiteFideId "1121405"]
[BlackFideId "2119455"]
[WhiteElo "2469"]
[BlackElo "1894"]
[Result "0-1"]
[Round "10"]
[TimeControl "180+2"]
[Date "2022.12.27"]
[WhiteClock "0:00:31"]
[BlackClock "0:01:19"]

1. e4 c5 2. c3 e6 3. d4 Nf6 4. e5 Nd5 5. Nf3 d6 6. Bc4 Nc6 7. O-O Be7 8. exd6 Bxd6 9. Bxd5 exd5 10. Re1+ Be6 11. Ng5 O-O 12. Rxe6 fxe6 13. Nxe6 Bxh2+ 14. Kf1 Qh4 15. Nxf8 Rxf8 16. Be3 Bg3 17. Qd2 cxd4 18. cxd4 Qh1+ 19. Ke2 Qxg2 20. Qe1 Bxf2 21. Bxf2 Re8+ 22. Kd2 Rxe1 23. Kxe1 Nb4 0-1


[Site "https://www.chess.com"]

[Event "Titled Tuesday Blitz December 27 Early 2022"]
[White "Sovetov, Oleksandr"]
[Black "Williams, Simon K"]
[WhiteFideId "34105786"]
[BlackFideId "404454"]
[WhiteElo "1976"]
[BlackElo "2465"]
[Result "1-0"]
[Round "10"]
[TimeControl "180+2"]
[Date "2022.12.27"]
[WhiteClock "0:00:02"]
[BlackClock "0:00:05"]

1. Nf3 f5 2. d3 d6 3. e4 e5 4. Nc3 c5 5. g3 Be7 6. Bh3 g6 7. exf5 h5 8. Nd5 Bxf5 9. Bxf5 gxf5 10. c3 Nc6 11. Qb3 Qd7 12. Be3 O-O-O 13. Qa4 Nf6 14. Nxe7+ Qxe7 15. Nh4 Qd7 16. Bg5 Qg7 17. f4 exf4 18. Qxf4 Rde8+ 19. Kd2 Nh7 20. Qxf5+ Kb8 21. Bf4 Ne5 22. Qe4 Nf6 23. Qf5 Rhf8 24. Qg5 Qh7 25. Qf5 Nf3+ 26. Kd1 Qe7 27. Nxf3 Qe2+ 28. Kc1 Ka8 29. Bxd6 Qe3+ 30. Kc2 Qe2+ 31. Nd2 c4 32. Bxf8 cxd3+ 33. Qxd3 Qe6 34. Rae1 Qf7 35. Rxe8+ Qxe8 36. Bc5 Qa4+ 37. Kb1 b6 38. Bd4 Nd5 39. Qf3 Qc6 40. c4 Nc3+ 41. bxc3 1-0


[Site "https://www.chess.com"]

[Event "Titled Tuesday Blitz December 27 Early 2022"]
[White "Srebrnic, Marko"]
[Black "Kleiman, Jake"]
[WhiteFideId "14603616"]
[BlackFideId "2020041"]
[WhiteElo "2366"]
[BlackElo "2399"]
[Result "1-0"]
[Round "10"]
[TimeControl "180+2"]
[Date "2022.12.27"]
[WhiteClock "0:00:41"]
[BlackClock "0:00:05"]

1. e4 Nf6 2. e5 Nd5 3. c4 Nb6 4. a4 a5 5. c5 Nd5 6. d4 e6 7. Nc3 d6 8. cxd6 cxd6 9. Nf3 Nxc3 10. bxc3 Nd7 11. Bb5 Qc7 12. O-O Be7 13. Ba3 O-O 14. Rc1 Re8 15. Re1 dxe5 16. Bxe7 Rxe7 17. Nxe5 Nxe5 18. Rxe5 Bd7 19. Qg4 Bxb5 20. Rxb5 Rc8 21. h4 Rd7 22. Rg5 f5 23. Qe2 Qd6 24. h5 Kf7 25. h6 g6 26. Rg3 Qf4 27. Re3 Rc6 28. Re1 Qd6 29. Qb5 Qd5 30. Qb2 Qc4 31. Re5 Qxc3 32. Qb5 Qxd4 33. Qxa5 Rc2 34. R5e2 Rxe2 35. Rxe2 Qf4 36. g3 Qxh6 37. Re1 Qd2 38. Qe5 Qd5 39. Qh8 Qd4 40. Qxh7+ Kf6 41. Qg8 e5 42. Qh8+ Kg5 43. Rxe5 Qg4 44. f4+ 1-0


[Site "https://www.chess.com"]

[Event "Titled Tuesday Blitz December 27 Early 2022"]
[White "Stead, Kerry"]
[Black "Zaichenko, Daria"]
[WhiteFideId "3202577"]
[BlackFideId "4197453"]
[WhiteElo "1908"]
[BlackElo "2104"]
[Result "0-1"]
[Round "10"]
[TimeControl "180+2"]
[Date "2022.12.27"]
[WhiteClock "0:00:02"]
[BlackClock "0:01:07"]

1. d4 d5 2. e4 dxe4 3. Nc3 Nf6 4. f3 Bf5 5. fxe4 Nxe4 6. Qf3 Qxd4 7. Qxf5 Nd6 8. Qd5 Qh4+ 9. g3 Qf6 10. Bg5 Qg6 11. Bd3 Qh5 12. Nge2 e6 13. Nf4 Qg4 14. Qe5 Nd7 15. Qa5 b6 16. Be2 Qxe2+ 17. Ncxe2 bxa5 18. O-O-O h6 19. Bh4 g5 0-1


[Site "https://www.chess.com"]

[Event "Titled Tuesday Blitz December 27 Early 2022"]
[White "Szyszylo, Rafal"]
[Black "Stork, Oliver"]
[WhiteFideId "1109626"]
[BlackFideId "12955728"]
[WhiteElo "2091"]
[BlackElo "2342"]
[Result "0-1"]
[Round "10"]
[TimeControl "180+2"]
[Date "2022.12.27"]
[WhiteClock "0:01:13"]
[BlackClock "0:00:27"]

1. e4 c6 2. d4 d5 3. e5 c5 4. dxc5 Nc6 5. a3 Nxe5 6. b4 g6 7. Nc3 Bg7 8. Bb2 Nf6 9. Be2 O-O 10. h3 Nc4 11. Bxc4 dxc4 12. Qe2 Nd5 13. Qxc4 Nxc3 14. Bxc3 Be6 15. Bxg7 Bxc4 16. Bxf8 Qd4 17. Rd1 Qc3+ 18. Rd2 Rd8 19. Bh6 Qa1+ 20. Rd1 Qxd1# 0-1


[Site "https://www.chess.com"]

[Event "Titled Tuesday Blitz December 27 Early 2022"]
[White "Tan, Zhongyi"]
[Black "Lenderman, Aleksandr"]
[WhiteFideId "8603642"]
[BlackFideId "2021285"]
[WhiteElo "2517"]
[BlackElo "2572"]
[Result "0-1"]
[Round "10"]
[TimeControl "180+2"]
[Date "2022.12.27"]
[WhiteClock "0:00:01"]
[BlackClock "0:00:07"]

1. d4 e6 2. c4 b6 3. Nc3 Bb7 4. a3 f5 5. d5 Nf6 6. g3 Bd6 7. Bg2 O-O 8. Nh3 Na6 9. O-O Nc5 10. Nb5 Be5 11. Bf4 Bxf4 12. Nxf4 e5 13. Nd3 Nxd3 14. Qxd3 g6 15. d6 c6 16. Nc3 Ba6 17. b4 Qe8 18. b5 Bb7 19. bxc6 dxc6 20. c5 Qe6 21. Rab1 Nd7 22. cxb6 axb6 23. a4 e4 24. Qd2 Ra5 25. Rfd1 Re5 26. e3 Ra8 27. Bf1 Kg7 28. Qb2 Qf6 29. Rd2 Rc5 30. Rc1 Rxa4 31. Nxa4 Qxb2 32. Rxb2 Rxc1 33. Nxb6 Ba6 34. Nxd7 Bxf1 35. f4 exf3 36. Kf2 Bg2 37. g4 Rd1 38. gxf5 gxf5 39. Rb7 Rxd6 40. Ne5+ Kf6 41. Nxf3 Bxf3 42. Kxf3 h6 43. Rc7 Ke5 44. h4 Re6 45. h5 Rf6 46. Rg7 c5 47. Ke2 Rc6 48. Kd3 c4+ 49. Kc3 Ke4 50. Rg6 Rc5 51. Rxh6 Kxe3 52. Re6+ Kf3 53. h6 Rc8 54. h7 f4 55. Rh6 Rh8 56. Kxc4 Ke3 57. Kd5 f3 58. Re6+ Kd3 59. Rf6 Ke2 60. Re6+ Kf1 61. Re7 f2 62. Kd6 Kg2 63. Rg7+ Kh2 64. Rf7 Kg3 65. Rg7+ Kf4 66. Rf7+ Ke3 67. Re7+ Kd2 68. Rf7 Ke2 69. Re7+ Kf1 70. Rf7 Re8 71. Kd7 Ra8 72. Kd6 Ra6+ 73. Kc5 Rh6 74. Kd5 Rh3 75. Kd4 Ke2 76. Re7+ Kd2 77. Rf7 Rh4+ 78. Kd5 Ke3 79. Re7+ Kd3 80. Rf7 Rh5+ 81. Kd6 Ke3 82. Re7+ Kd4 83. Rf7 Rh6+ 84. Ke7 Rxh7 85. Rxh7 f1=Q 86. Rh4+ Ke5 87. Rh5+ Ke4 88. Rh6 Qb5 89. Re6+ Kf5 90. Rf6+ Kg5 91. Rd6 Qc5 92. Ke6 Kf4 93. Rd7 Ke4 94. Rd6 Qf5+ 95. Ke7 Ke5 96. Rc6 Qh7+ 97. Kd8 Kd5 98. Ra6 Qb7 0-1


[Site "https://www.chess.com"]

[Event "Titled Tuesday Blitz December 27 Early 2022"]
[White "Tikhonov, Viacheslav"]
[Black "Garcia Ramos, Daniel"]
[WhiteFideId "44196407"]
[BlackFideId "32010311"]
[WhiteElo "2220"]
[BlackElo "2442"]
[Result "0-1"]
[Round "10"]
[TimeControl "180+2"]
[Date "2022.12.27"]
[WhiteClock "0:00:38"]
[BlackClock "0:00:12"]

1. d4 d5 2. c4 e6 3. Nf3 Nf6 4. g3 Bb4+ 5. Bd2 Be7 6. Bg2 O-O 7. O-O c6 8. Qb3 a5 9. cxd5 exd5 10. Nc3 b5 11. Ne5 Ba6 12. Rfe1 Qb6 13. e3 Nbd7 14. Nxd7 Nxd7 15. Rac1 a4 16. Qc2 a3 17. b3 Bb7 18. e4 dxe4 19. Nxe4 Rae8 20. Nc5 Nxc5 21. dxc5 Qc7 22. Bf4 Qc8 23. b4 Bf6 24. Bd6 Rxe1+ 25. Rxe1 Re8 26. Qb1 h6 27. h4 Bc3 28. Rc1 Bb2 29. Re1 Re6 30. Kh2 Qe8 31. Rd1 Re2 32. Qf5 Bc8 33. Qf3 Bd7 34. Bc7 Rc2 35. Bh3 Bxh3 36. Rd8 Qxd8 37. Bxd8 Be6 38. Qxc6 Rxf2+ 39. Kg1 Rd2 40. Bc7 Bd4+ 41. Kf1 Bc4+ 42. Ke1 Bc3 43. Qe8+ Kh7 44. Qe4+ g6 45. Qb7 Rxa2+ 46. Kd1 Rd2+ 47. Kc1 a2 48. Qa7 Rd7 49. c6 Rxc7 50. Qxc7 a1=Q+ 0-1


[Site "https://www.chess.com"]

[Event "Titled Tuesday Blitz December 27 Early 2022"]
[White "Toncheva, Nadya"]
[Black "Heinemann, Josefine"]
[WhiteFideId "2924056"]
[BlackFideId "12900460"]
[WhiteElo "2295"]
[BlackElo "2289"]
[Result "1-0"]
[Round "10"]
[TimeControl "180+2"]
[Date "2022.12.27"]
[WhiteClock "0:00:23"]
[BlackClock "0:00:14"]

1. d4 Nf6 2. c4 e6 3. Nc3 Bb4 4. e3 O-O 5. Ne2 c6 6. Ng3 d5 7. Bd3 Re8 8. O-O Nbd7 9. Bd2 dxc4 10. Bxc4 c5 11. a3 Bxc3 12. Bxc3 cxd4 13. Qxd4 Nb6 14. Bb3 Qxd4 15. Bxd4 Bd7 16. Rac1 Bc6 17. Rfd1 Red8 18. Ne2 Bd5 19. Bxd5 Nbxd5 20. f3 b6 21. Kf2 Rac8 22. e4 Ne7 23. Ke3 Kf8 24. Rxc8 Rxc8 25. Bc3 Ke8 26. Nd4 a6 27. g4 Nc6 28. Ne2 Nd7 29. Bxg7 f6 30. g5 fxg5 31. Rg1 Na5 32. Rxg5 Rc2 33. Bc3 Nb3 34. Kd3 Na1 35. Rg8+ Kf7 36. Rg7+ Ke8 37. Rg1 Nc5+ 38. Ke3 Nab3 39. Rg7 h5 40. Rh7 Nc1 41. Nxc1 Rxc1 42. Rxh5 Rc2 43. Rh8+ Kf7 44. Rh7+ Ke8 45. h4 Rh2 46. h5 Na4 47. Be5 Rh3 48. h6 Nc5 49. Bd6 Nd7 50. Re7+ Kd8 51. Rxe6 a5 52. Rg6 Ke8 53. e5 Rh1 54. e6 Nf8 55. Bxf8 Kxf8 56. Ke4 Re1+ 57. Kf5 Rh1 58. f4 Ke8 59. Kf6 1-0


[Site "https://www.chess.com"]

[Event "Titled Tuesday Blitz December 27 Early 2022"]
[White "Toropov, Pavel"]
[Black "Kamsky, Gata"]
[WhiteFideId "24129178"]
[BlackFideId "2000024"]
[WhiteElo "2336"]
[BlackElo "2665"]
[Result "0-1"]
[Round "10"]
[TimeControl "180+2"]
[Date "2022.12.27"]
[WhiteClock "0:00:14"]
[BlackClock "0:00:38"]

1. e4 g6 2. d4 Bg7 3. Nc3 d6 4. h3 a6 5. g4 b5 6. Bg2 Bb7 7. Nge2 e6 8. Ng3 Nd7 9. Be3 Nb6 10. b3 Nf6 11. O-O h5 12. g5 Nfd7 13. h4 c5 14. Nce2 Qc7 15. c3 d5 16. Qd2 dxe4 17. Nxe4 Bxe4 18. Bxe4 Rd8 19. Bf4 e5 20. Bg3 O-O 21. d5 c4 22. b4 Nc8 23. Rae1 Ndb6 24. f4 Nxd5 25. Bxd5 Ne7 26. Bxf7+ Rxf7 27. Qc2 Rd3 28. fxe5 Rxf1+ 29. Rxf1 Nf5 30. Bh2 Bxe5 31. Nf4 Ne3 32. Nxd3 Bxh2+ 33. Qxh2 Qxh2+ 34. Kxh2 cxd3 35. Rf2 d2 36. Rxd2 Nf1+ 37. Kg2 Nxd2 38. Kf2 Ne4+ 39. Ke3 Nxc3 40. Kd4 Nxa2 0-1


[Site "https://www.chess.com"]

[Event "Titled Tuesday Blitz December 27 Early 2022"]
[White "Torres Dominguez, David"]
[Black "Najdin, Danil"]
[WhiteFideId "2220857"]
[BlackFideId "4172426"]
[WhiteElo "1994"]
[BlackElo "2235"]
[Result "0-1"]
[Round "10"]
[TimeControl "180+2"]
[Date "2022.12.27"]
[WhiteClock "0:00:12"]
[BlackClock "0:00:32"]

1. e4 g6 2. Nc3 c5 3. f4 Bg7 4. Nf3 Nc6 5. Be2 e6 6. O-O Nge7 7. d3 O-O 8. Qe1 d5 9. Qh4 Nd4 10. Nxd4 cxd4 11. Nd1 dxe4 12. dxe4 Nc6 13. Qxd8 Rxd8 14. Nf2 Nb4 15. Bd3 b6 16. Bd2 Nxd3 17. cxd3 Ba6 18. Rac1 Rac8 19. Rxc8 Rxc8 20. Rc1 Rxc1+ 21. Bxc1 Bf8 22. Kf1 Bb5 23. Ke2 a5 24. Ng4 Kg7 25. g3 f6 26. Nf2 h5 27. Bd2 Be7 28. Kd1 g5 29. fxg5 fxg5 30. Kc2 Kg6 31. Kd1 Bd6 32. Ke2 Ba6 33. Kf3 Bb7 34. h3 Bc6 35. g4 Bc7 36. Ke2 b5 37. Nd1 Bd7 38. Kf3 a4 39. Nf2 Bd6 40. Nd1 b4 41. Nf2 Bb5 42. b3 a3 43. Ke2 Bd7 44. Kf3 e5 45. Be1 Be6 0-1


[Site "https://www.chess.com"]

[Event "Titled Tuesday Blitz December 27 Early 2022"]
[White "Troltenier, Dirk"]
[Black "Shahaliyev, Ismayil"]
[WhiteFideId "4606400"]
[BlackFideId "13406388"]
[WhiteElo "2234"]
[BlackElo "2400"]
[Result "0-1"]
[Round "10"]
[TimeControl "180+2"]
[Date "2022.12.27"]
[WhiteClock "0:00:02"]
[BlackClock "0:00:24"]

1. e4 e6 2. d4 d5 3. e5 c5 4. c3 Qb6 5. Nf3 Bd7 6. a3 Bb5 7. c4 Bxc4 8. Bxc4 dxc4 9. d5 exd5 10. Qxd5 Nd7 11. O-O Ne7 12. Qxc4 Ng6 13. Nc3 Be7 14. Nd5 Qc6 15. e6 fxe6 16. Nxe7 Nxe7 17. Re1 Qd5 18. Qg4 O-O 19. Qxe6+ Qxe6 20. Rxe6 Nd5 21. Bg5 Rae8 22. Rae1 Rxe6 23. Rxe6 h6 24. Be3 b6 25. Rd6 N7f6 26. Ne5 Nxe3 27. fxe3 Re8 28. Nc4 Kf8 29. a4 Ke7 30. Rd3 Ne4 31. b3 Ke6 32. g3 g5 33. Kg2 g4 34. h3 h5 35. hxg4 hxg4 36. Nd2 Nd6 37. Nc4 Nf5 38. e4 Nd4 39. Ne3 Rg8 0-1


[Site "https://www.chess.com"]

[Event "Titled Tuesday Blitz December 27 Early 2022"]
[White "Turzo, Attila"]
[Black "Sadovsky, Artem"]
[WhiteFideId "704954"]
[BlackFideId "4155840"]
[WhiteElo "2279"]
[BlackElo "2276"]
[Result "0-1"]
[Round "10"]
[TimeControl "180+2"]
[Date "2022.12.27"]
[WhiteClock "0:00:02"]
[BlackClock "0:01:18"]

1. d4 g5 2. Bxg5 Bg7 3. c3 c5 4. dxc5 Qc7 5. Nf3 Qxc5 6. e4 Nf6 7. Nbd2 Ng4 8. Bh4 Nc6 9. Be2 Bf6 10. O-O h5 11. Nb3 Qb6 12. Bxf6 Nxf6 13. Bd3 d6 14. Nfd4 Ne5 15. Kh1 h4 16. Bb5+ Kf8 17. Qe2 h3 18. g3 a6 19. Bd3 Nxd3 20. Qxd3 e5 21. Nc2 Bd7 22. Ne3 Bc6 23. f3 Rd8 24. c4 Qc7 25. a4 a5 26. Nd2 Nd7 27. b3 Nc5 28. Qe2 Qd7 29. Rab1 b6 30. Nd5 Bxd5 31. exd5 Qf5 32. Ne4 Qg6 33. Nxc5 bxc5 34. f4 exf4 35. Rbe1 fxg3 36. Qe7+ Kg7 37. hxg3 Rhe8 38. Qxe8 Rxe8 39. Rxe8 Qc2 40. Rg1 Qf2 41. Re7 Kf8 42. Ree1 f5 43. Ref1 Qc2 44. Rf3 Kg7 0-1


[Site "https://www.chess.com"]